Map: Ley Lines

Players

llllllllllll

  • Race: Zerg Zerg
  • League: Master
  • Spawn Location: 1:00

电脑难度(新手) - Winner!

  • Race: Terran Terran
  • Spawn Location: 7:00

VOD

Have the link to the VOD?

Description

Time

  • Played on: Dec. 16, 2024, 9:13 a.m.
  • Length: 8:00
Show
View Real Time Build Order
Export as new Build Order

llllllllllll Zerg 

Build Orders: Hatch First 

Get SALT Encoding   

  12  0:00  Drone  
  13  0:13  Overlord  
  13  0:19  Drone  
  14  0:32  Drone x2  
  16  0:47  Hatchery  
  16  0:50  Drone  
  16  0:53  Drone  
  17  0:57  Drone  
  18  1:08  Extractor  
  17  1:12  Spawning Pool  
  17  1:16  Drone  
  17  1:21  Drone  
  18  1:29  Drone  
  19  1:40  Drone  
  20  1:51  Drone  
  21  2:00  Queen x2  
  21  2:01  Zergling x4  
  27  2:11  Overlord  
  27  2:12  Drone  
  28  2:22  Hatchery  
  27  2:25  Drone  
  28  2:30  Drone  
  28  2:33  Drone x2  
  31  2:39  Metabolic Boost  
  31  2:46  Queen  
  31  2:51  Overlord  
  33  2:53  Drone  
  33  2:57  Drone x2  
  36  3:02  Overlord  
  36  3:11  Drone x3  
  39  3:13  Drone  
  39  3:16  Drone  
  41  3:21  Queen  
  41  3:22  Drone  
  41  3:25  Drone  
  45  3:34  Queen  
  45  3:35  Zergling x6  
  45  3:40  Overlord  
  50  3:41  Drone  
  50  3:42  Drone  
  50  3:44  Drone  
  50  3:47  Drone  
  50  3:48  Drone  
  55  3:54  Drone  
  56  3:56  Drone  
  56  3:57  Drone  
  56  3:58  Queen  
  56  3:59  Drone  
  56  4:02  Overlord  
  61  4:09  Queen  
  63  4:18  Drone  
  63  4:19  Drone x2, Overlord  
  63  4:22  Drone  
  63  4:23  Drone x4  
  71  4:27  Drone x3  
  74  4:35  Hatchery  
  74  4:38  Lair  
  73  4:39  Drone  
  73  4:42  Drone  
  73  4:43  Baneling Nest  
  73  4:44  Drone x2  
  76  4:46  Drone  
  76  4:50  Drone x4  
  81  4:55  Overlord  
  81  4:56  Overlord  
  81  4:59  Extractor, Drone  
  81  5:01  Extractor x2, Drone  
  81  5:02  Overlord  
  81  5:03  Extractor  
  81  5:05  Drone x2  
  81  5:07  Evolution Chamber  
  81  5:08  Evolution Chamber  
  81  5:09  Overlord  
  81  5:10  Drone  
  81  5:13  Drone x3  
  83  5:15  Drone  
  83  5:18  Drone  
  85  5:22  Drone  
  85  5:26  Drone x2  
  85  5:27  Hatchery  
  87  5:28  Zergling x2  
  87  5:29  Zergling x2  
  87  5:33  Zergling x10  
  87  5:35  Zerg Melee Weapons Level 1  
  94  5:37  Centrifugal Hooks  
  94  5:38  Drone  
  94  5:42  Drone x3  
  98  5:44  Drone  
  98  5:48  Drone x2  
  101  5:50  Drone  
  101  5:51  Drone x2, Hydralisk Den  
  101  5:56  Zerg Ground Armor Level 1  
  103  5:58  Overlord  
  103  5:59  Overlord  
  103  6:00  Drone x2  
  105  6:05  Drone x4  
  109  6:12  Overlord  
  109  6:14  Hatchery  
  109  6:17  Overlord  
  108  6:20  Zergling x16  
  108  6:23  Extractor  
  115  6:25  Muscular Augments  
  115  6:27  Hydralisk  
  115  6:28  Hydralisk  
  115  6:30  Overlord  
  119  6:34  Hydralisk x3  
  119  6:38  Hydralisk x2  
  129  6:41  Zergling x8  
  129  6:42  Zergling x2  
  135  6:47  Zergling x12  
  135  6:50  Zergling x4  
  142  6:54  Hydralisk  
  142  6:58  Hydralisk x5  
  142  7:00  Zergling x4  
  156  7:03  Overlord  
  156  7:04  Zergling x2  
  156  7:05  Zergling x6  
  156  7:06  Baneling x4  
  159  7:08  Overlord  
  159  7:13  Zergling x12  
  165  7:18  Baneling x7  
  165  7:20  Overlord  
  165  7:23  Zergling x10  
  165  7:25  Overlord  
  165  7:29  Zergling x2  
  178  7:30  Zergling x14  
  178  7:35  Zergling x8  
  182  7:38  Overlord  
  182  7:41  Zergling x8  
  186  7:50  Infestation Pit  
Show
View Real Time Build Order
Export as new Build Order

电脑难度(新手) Terran - Winner!

Build Orders:  

Get SALT Encoding   

  12  0:00  SCV  
  13  0:13  SCV  
  14  0:18  Supply Depot  
  14  0:37  Refinery  
  14  0:43  Barracks  
  14  1:03  Supply Depot  
  14  1:11  Refinery  
  14  1:30  Marine  
  15  1:33  Orbital Command  
  15  1:49  Barracks Tech Lab  
  15  1:59  SCV  
  16  2:11  SCV  
  16  2:14  Marine  
  18  2:23  SCV  
  19  2:35  SCV  
  20  2:47  SCV  
  21  2:58  Marauder  
  23  2:59  SCV  
  24  4:13  SCV  
  24  5:55  SCV  
  24  6:31  SCV  
  24  6:32  Marine  
  26  6:33  Supply Depot  
  26  6:35  Factory  
  26  6:39  Command Center  
  26  6:43  SCV  
  27  6:55  SCV  
  27  6:56  Supply Depot  
  28  7:04  Marine  
  25  7:22  Starport  
  25  7:36  Marine  
  26  7:54  Refinery  
Tags
 
League
Master
Matchup
TvZ
Spawn Locations
Cross Positions
Add a new tag
Caveats
  • Supply blocks, unpowered buildings, or Contaminate may cause inaccurate times.
  • Supply counts are checked every 10 seconds.